Map: King's Cove LE

Players

lIlIlIlIIIll

  • Race: Protoss Protoss
  • League: Master
  • Spawn Location: 11:00

Lambo - Winner!

  • Race: Zerg Zerg
  • League: Master
  • Spawn Location: 5:00

VOD

Have the link to the VOD?

Description

Time

  • Played on: Jan. 24, 2019, 10:58 a.m.
  • Length: 8:31
Show
View Real Time Build Order
Export as new Build Order

lIlIlIlIIIll Protoss 

Build Orders: 1 Gate Expand, Oracle Opening 

Get SALT Encoding   

  12  0:00  Probe  
  13  0:12  Probe  
  14  0:18  Pylon  
  14  0:24  Probe  
  15  0:32  Probe  
  15  0:38  Assimilator  
  15  0:40  Probe  
  16  0:49  Gateway  
  17  0:50  Probe  
  18  0:58  Probe  
  19  1:06  Probe  
  20  1:27  Nexus  
  20  1:37  Cybernetics Core  
  20  1:39  Probe  
  21  1:47  Assimilator  
  21  1:52  Probe  
  22  1:55  Pylon  
  22  2:05  Warp Gate  
  23  2:08  Probe  
  23  2:13  Adept  
  25  2:20  Probe  
  26  2:29  Stargate  
  26  2:32  Probe  
  27  2:39  Probe  
  27  2:43  Adept  
  30  2:44  Probe  
  30  2:49  Gateway  
  31  2:51  Probe  
  31  2:56  Probe  
  33  3:02  Oracle  
  33  3:03  Gateway  
  33  3:06  Probe  
  34  3:15  Probe  
  34  3:18  Probe  
  39  3:25  Assimilator  
  39  3:28  Probe  
  39  3:30  Probe, Oracle  
  39  3:32  Pylon  
  41  3:40  Probe  
  45  3:42  Probe  
  45  3:46  Assimilator  
  46  3:52  Probe  
  46  3:54  Zealot  
  46  3:55  Adept  
  51  4:00  Pylon  
  51  4:01  Probe  
  52  4:04  Probe  
  53  4:13  Probe  
  54  4:18  Phoenix  
  56  4:28  Probe x2  
  56  4:29  Adept x3  
  62  4:33  Protoss Air Weapons Level 1  
  60  4:44  Stargate, Phoenix  
  62  4:50  Pylon  
  62  5:08  Probe  
  62  5:09  Adept x3  
  69  5:14  Pylon  
  69  5:19  Pylon  
  69  5:22  Gateway  
  69  5:24  Phoenix x2  
  73  5:42  Stalker x3  
  79  5:54  Pylon  
  76  6:14  Stalker x3  
  82  6:25  Phoenix  
  79  6:30  Phoenix  
  77  6:37  Stalker x2  
  77  6:38  Stalker x2  
  81  6:49  Probe  
  76  6:57  Phoenix x2  
  76  6:59  Shield Battery  
  80  7:01  Zealot x3  
  80  7:02  Zealot  
  68  7:22  Phoenix x2, Zealot x3  
  65  7:30  Zealot  
  65  7:43  Sentry, Zealot x2  
  71  7:47  Phoenix  
  73  7:53  Phoenix  
  75  8:00  Zealot  
  79  8:22  Zealot x2  
  79  8:23  Zealot  
Show
View Real Time Build Order
Export as new Build Order

Lambo Zerg - Winner!

Build Orders: Hatch First 

Get SALT Encoding   

  12  0:01  Drone  
  13  0:13  Overlord  
  13  0:18  Drone  
  14  0:32  Drone x2  
  16  0:49  Hatchery  
  15  0:52  Drone  
  15  0:56  Drone  
  17  1:00  Drone  
  18  1:10  Extractor  
  17  1:15  Spawning Pool  
  16  1:19  Drone  
  16  1:22  Drone  
  18  1:30  Drone  
  19  1:39  Drone  
  20  1:52  Overlord  
  20  2:01  Queen x2  
  20  2:02  Zergling x2  
  20  2:03  Zergling x2  
  26  2:11  Metabolic Boost  
  26  2:12  Drone  
  27  2:16  Drone  
  29  2:22  Drone  
  29  2:30  Drone  
  29  2:34  Drone  
  29  2:35  Drone  
  32  2:45  Hatchery  
  32  2:47  Drone  
  32  2:50  Overlord  
  32  3:00  Drone x2  
  32  3:04  Queen  
  36  3:15  Drone x5  
  36  3:18  Zergling x2  
  42  3:20  Drone x2  
  44  3:30  Overlord  
  44  3:34  Spore Crawler  
  44  3:35  Drone  
  44  3:48  Queen, Spore Crawler  
  44  3:49  Drone x4  
  44  3:50  Drone x2  
  44  3:54  Drone  
  52  4:00  Queen  
  52  4:01  Spore Crawler  
  53  4:07  Drone x3  
  56  4:10  Zergling x4  
  56  4:18  Drone x3  
  56  4:22  Drone x3  
  56  4:26  Drone x2  
  55  4:33  Drone x2  
  57  4:47  Lair  
  57  4:48  Overlord  
  57  4:50  Overlord  
  57  4:51  Roach Warren, Overlord  
  56  4:53  Drone  
  56  4:54  Drone  
  58  5:03  Extractor  
  58  5:04  Extractor  
  58  5:06  Zergling x4  
  58  5:07  Zergling x6  
  56  5:09  Drone x2  
  56  5:10  Drone  
  59  5:15  Drone x2  
  59  5:16  Drone x2  
  59  5:18  Drone x2  
  65  5:22  Drone x2  
  66  5:32  Roach x3  
  66  5:33  Overlord  
  72  5:35  Overlord  
  72  5:38  Overlord  
  72  5:42  Overlord  
  71  5:48  Extractor  
  70  5:51  Glial Reconstitution, Roach  
  70  5:53  Overseer  
  70  5:55  Overseer  
  72  6:00  Drone x2  
  72  6:01  Drone x4  
  72  6:03  Drone x2  
  80  6:05  Roach  
  86  6:11  Roach x2  
  86  6:14  Roach x2  
  90  6:24  Roach x3  
  92  6:28  Roach, Zergling x6  
  92  6:31  Roach  
  93  6:33  Roach  
  93  6:34  Zergling x2  
  93  6:37  Zergling x2  
  93  6:38  Zergling x4  
  89  6:43  Zergling x2, Roach x2  
  89  6:46  Zergling x2  
  87  6:51  Zergling x4, Roach  
  87  6:53  Zergling x2  
  87  6:55  Zergling x2  
  87  6:56  Ravager  
  87  7:00  Zergling x2  
  87  7:01  Zergling x2  
  89  7:03  Overlord  
  89  7:06  Ravager  
  89  7:13  Zergling x6, Roach x2  
  89  7:17  Queen  
  89  7:20  Zergling x2, Roach  
  87  7:25  Spore Crawler  
  87  7:27  Roach x2  
  88  7:33  Nydus Network, Roach x2  
  88  7:34  Roach  
  91  7:41  Overlord  
  87  7:45  Extractor  
  87  7:46  Zergling x4, Roach  
  87  7:51  Overlord  
  90  7:58  Extractor  
  87  8:00  Roach x3  
  91  8:06  Spore Crawler  
  91  8:08  Spore Crawler  
  91  8:11  Nydus Canal  
  89  8:13  Drone x7  
  89  8:17  Spore Crawler  
Tags
 
Add a new tag
Caveats
  • Supply blocks, unpowered buildings, or Contaminate may cause inaccurate times.
  • Supply counts are checked every 10 seconds.